Panthers vs Blues

Created - 28 novembre 2017 at 22:25

Goals
1 2 3 OT1 T
Panthers 0 2 1 1 4
Blues 0 3 0 0 3
Shots
1 2 3 OT1 T
Panthers 9 11 9 2 31
Blues 7 15 5 0 27

1st period

No Goal

Penalties :
Brooks Orpik (FLA) for Holding (Minor) at 1:34, Blake Wheeler (FLA) for Interference (Minor) at 14:05, Mike Fisher (STL) for Holding (Minor) at 18:43, T.J. Brodie (FLA) for Hooking (Minor) at 18:43

2nd period

1. Blues , Marian Hossa 12 (Jiri Hudler 4, John-Michael Liles 10) at 0:38
2. Blues , Marian Hossa 13 (Rick Nash 9, Mike Fisher 17) at 3:09
3. Blues , Rick Nash 9 (Marian Hossa 15, Ryan Miller) at 10:38 (PP)
4. Panthers , Patrik Laine 10 (Joe Thornton 21, Blake Wheeler 16) at 13:32
5. Panthers , Blake Wheeler 13 (Joe Thornton 22) at 18:42

Penalties :
Matt Irwin (STL) for Hooking (Minor) at 6:55, David Perron (FLA) for Hooking (Minor) at 9:40, Brooks Orpik (FLA) for Slashing (Minor) at 16:22

3rd period

6. Panthers , David Perron 6 (T.J. Brodie 12, Matthew Tkachuk 6) at 4:02

Penalties :
Nick Cousins (STL) for Slashing (Minor) at 1:23

Overtime #1

7. Panthers , Justin Braun 2 (Patrik Laine 14, David Perron 6) at 2:22

Penalties :
No Penalty

Goalie Stats

Peter Budaj (FLA), 24 saves from 27 shots - (0.889), W, 2-1-1, 62:23 minutes
Ryan Miller (STL), 27 saves from 31 shots - (0.871), OTL, 3-4-2, 62:23 minutes

Players Stats for Panthers

Player Name              G  A  P  +/- PIM S  H  SB GA TA FO     MP     PP MP  PK MP  
------------------------------------------------------------------------------------
Blake Wheeler            1  1  2   2  2   6  2  0  0  0  0/2    20:07   2:05   1:26 
Brian Campbell           0  0  0   1  0   0  0  0  0  0  0/0    16:02   2:28   0:00 
Brooks Orpik             0  0  0   0  4   0  0  1  0  0  0/0    13:44   0:00   0:07 
Danny DeKeyser           0  0  0   0  0   0  0  2  0  0  0/0    20:12   0:00   3:14 
David Perron             1  1  2   2  2   3  1  0  0  0  0/1    12:09   0:00   1:22 
Jacob Trouba             0  0  0   0  0   1  4  1  0  0  0/0    25:50   1:30   3:41 
Jesper Fast              0  0  0   0  0   0  1  0  0  0  0/0     9:43   0:00   4:07 
Joe Thornton             0  2  2   2  0   1  1  0  0  0  15/27  19:17   2:05   0:14 
Jori Lehtera             0  0  0   1  0   1  0  0  0  0  7/12   10:28   0:00   0:00 
Justin Braun             1  0  1   2  0   1  1  3  0  0  0/0    22:05   2:28   3:07 
Logan Couture            0  0  0  -2  0   3  0  0  0  0  15/27  21:50   1:53   2:14 
Matthew Tkachuk          0  1  1   1  0   1  0  0  0  0  0/0    10:48   0:00   0:20 
Mikkel Boedker           0  0  0   0  0   0  1  0  0  0  0/0     5:36   0:00   0:00 
Nikolaj Ehlers           0  0  0  -1  0   3  2  0  0  0  1/2    17:39   2:05   0:00 
Patrick Kane             0  0  0  -2  0   4  1  0  0  0  0/0    20:15   1:53   0:00 
Patrik Laine             1  1  2   3  0   4  1  0  0  0  0/1    18:15   1:53   0:00 
T.J. Brodie              0  1  1   0  2   2  1  0  0  0  0/0    24:27   1:30   3:41 
Tanner Kero              0  0  0   0  0   1  0  0  0  0  8/15    9:43   0:00   4:07 

Players Stats for Blues

Player Name              G  A  P  +/- PIM S  H  SB GA TA FO     MP     PP MP  PK MP  
------------------------------------------------------------------------------------
Brian Flynn              0  0  0   0  0   1  0  0  0  0  0/0    17:26   3:19   0:00 
Brian Gionta             0  0  0   0  0   3  0  0  0  0  2/3    18:50   3:19   1:00 
Cal Clutterbuck          0  0  0   0  0   2  2  0  0  0  0/0     6:56   0:00   0:00 
Carl Gunnarsson          0  0  0  -2  0   0  2  2  0  0  0/0    16:24   0:00   0:34 
Chris Wideman            0  0  0  -2  0   0  0  2  0  0  0/0    16:10   0:20   0:00 
Clarke MacArthur         0  0  0   0  0   1  0  0  0  0  0/0     5:37   0:00   0:00 
Jay Bouwmeester          0  0  0   0  0   0  2  2  0  0  0/0    26:28   4:11   2:33 
Jay McClement            0  0  0   0  0   1  2  0  0  0  8/16   17:21   3:19   0:00 
Jiri Hudler              0  1  1   1  0   0  0  0  0  0  2/3     1:56   0:20   0:00 
John-Michael Liles       0  1  1   1  0   1  0  1  0  0  0/0    19:16   2:44   1:25 
Kris Versteeg            0  0  0  -3  0   3  0  0  0  0  1/3    16:31   0:00   0:00 
Marian Hossa             2  1  3   1  0   5  1  0  0  0  0/1    21:29   3:36   2:58 
Matt Irwin               0  0  0   1  2   0  2  2  0  0  0/0    18:38   2:44   0:48 
Michael Raffl            0  0  0  -3  0   1  2  0  0  0  0/1    15:08   0:00   0:00 
Mike Fisher              0  1  1   0  2   5  4  0  0  0  16/38  25:00   3:16   2:58 
Nick Cousins             0  0  0  -3  2   1  0  1  0  0  11/20  15:07   0:00   0:00 
Niklas Kronwall          0  0  0  -1  0   1  1  0  0  0  0/0    25:26   3:51   2:36 
Rick Nash                1  1  2   1  0   2  0  0  0  0  1/2    17:26   3:36   1:00 

3 Stars

1 - Marian Hossa (STL)
2 - Patrik Laine (FLA)
3 - Blake Wheeler (FLA)

Power Play

Panthers - 0 on 2 Attempt(s) - 0.00%
Blues - 1 on 4 Attempt(s) - 25.00%

Penalty Kill

Panthers - 3 on 4 Attempt(s) - 75.00% - Score 0 goal in Penalty Kill
Blues - 2 on 2 Attempt(s) - 100.00% - Score 0 goal in Penalty Kill

Team Stat

Panthers - Hits : 16 - Faceoff Wins : 46 - Blocked Shots : 7 - Penalty Minutes : 10
Blues - Hits : 18 - Faceoff Wins : 41 - Blocked Shots : 10 - Penalty Minutes : 6

Official

Referees : Francis Charron and Ian Walsh
Linesman : Lonnie Cameron and Brandon Gawryletz

Game Notes

No Game Note

Finance

Level 1 -- Attendance: 6445 (99.15%) -- Ticket Income 650 945 $
Level 2 -- Attendance: 4099 (81.98%) -- Ticket Income 348 415 $
Level 3 -- Attendance: 2875 (82.14%) -- Ticket Income 172 500 $
Level 4 -- Attendance: 2228 (70.73%) -- Ticket Income 100 260 $
Luxury Box -- Attendance: 959 (95.90%) -- Ticket Income 191 800 $
Game was played at the Scottrade Center.
Total Attendance: 16606 (86.72%)
Total Ticket Income: 1 463 920 $
Other Income: 219 588 $
Total Income: 1 683 508 $

% Time on Ice - Panthers

Lines # - Real PCT - Wanted PCT - Time Play
Normal Forward
1 - 33% - 40% - 15:34
2 - 33% - 30% - 15:30
3 - 22% - 20% - 10:28
4 - 12% - 10% - 5:36
Normal Defense
1 - 39% - 40% - 18:35
2 - 34% - 37% - 15:56
3 - 27% - 23% - 12:37
4 - 0% - 0% - 0:00
PP Forward
1 - 47% - 60% - 1:53
2 - 53% - 40% - 2:05
PP Defense
1 - 38% - 60% - 1:30
2 - 62% - 40% - 2:28
PK Forward
1 - 68% - 60% - 4:41
2 - 32% - 40% - 2:14
PK Defense
1 - 53% - 60% - 3:41
2 - 47% - 40% - 3:14
PK3 Forward
1 - 0% - 60%
2 - 0% - 40%
PK3 Defense
1 - 0% - 60%
2 - 0% - 40%
44 Forward
1 - 73% - 60% - 1:27
2 - 27% - 40% - 0:32
44 Defense
1 - 48% - 60% - 0:57
2 - 52% - 40% - 1:02
Last Minute Offensive  - 0:00
Last Minute Defensive  - 0:00
Total
Forward - 60:00
Defense - 60:00

% Time on Ice - Blues

Lines # - Real PCT - Wanted PCT - Time Play
Normal Forward
1 - 26% - 40% - 12:21
2 - 30% - 30% - 14:02
3 - 32% - 20% - 15:08
4 - 12% - 10% - 5:37
Normal Defense
1 - 34% - 40% - 16:14
2 - 30% - 30% - 14:10
3 - 34% - 20% - 15:50
4 - 2% - 10% - 0:54
PP Forward
1 - 52% - 60% - 3:36
2 - 48% - 40% - 3:19
PP Defense
1 - 60% - 60% - 4:11
2 - 40% - 40% - 2:44
PK Forward
1 - 75% - 60% - 2:58
2 - 25% - 40% - 1:00
PK Defense
1 - 64% - 60% - 2:33
2 - 36% - 40% - 1:25
PK3 Forward
1 - 0% - 60%
2 - 0% - 40%
PK3 Defense
1 - 0% - 60%
2 - 0% - 40%
44 Forward
1 - 100% - 60% - 1:59
2 - 0% - 40% - 0:00
44 Defense
1 - 52% - 60% - 1:02
2 - 48% - 40% - 0:57
Last Minute Offensive  - 0:00
Last Minute Defensive  - 0:00
Total
Forward - 60:00
Defense - 60:00

Play by Play

1st period


0:01 of 1st period - Logan Couture wins face-off versus Mike Fisher in neutral zone.
0:34 of 1st period - Shot by Patrick Kane.
0:34 of 1st period - Shot Misses the Net.
0:59 of 1st period - Icing by Marian Hossa.
1:00 of 1st period - Mike Fisher wins face-off versus Jori Lehtera in Blues zone.
1:00 of 1st period - Mike Fisher is hit by David Perron.
1:34 of 1st period - Minor Penalty to Brooks Orpik for Holding.
1:35 of 1st period - Tanner Kero wins face-off versus Jay McClement in Panthers zone.
1:49 of 1st period - Off-side.
1:50 of 1st period - Tanner Kero wins face-off versus Jay McClement in neutral zone.
1:54 of 1st period - Icing by Niklas Kronwall.
1:55 of 1st period - Jay McClement wins face-off versus Logan Couture in Blues zone.
1:55 of 1st period - Jay McClement is hit by Blake Wheeler.
2:15 of 1st period - Danny DeKeyser is hit by Jay McClement and loses puck.
2:36 of 1st period - Shot by Rick Nash.
2:36 of 1st period - Stopped by Peter Budaj without a rebound.
2:37 of 1st period - Mike Fisher wins face-off versus Tanner Kero in Panthers zone.
2:37 of 1st period - Mike Fisher is hit by Jacob Trouba.
2:49 of 1st period - Justin Braun is hit by Mike Fisher and loses puck.
3:13 of 1st period - Icing by John-Michael Liles.
3:14 of 1st period - Tanner Kero wins face-off versus Mike Fisher in Blues zone.
3:19 of 1st period - Shot by Jesper Fast.
3:19 of 1st period - Deflect By Tanner Kero.
3:19 of 1st period - Stopped by Ryan Miller without a rebound.
3:20 of 1st period - Jay McClement wins face-off versus Tanner Kero in Blues zone.
3:40 of 1st period - Shot by Blake Wheeler.
3:40 of 1st period - Stopped by Ryan Miller without a rebound.
3:41 of 1st period - Logan Couture wins face-off versus Nick Cousins in Blues zone.
3:52 of 1st period - Shot by Logan Couture.
3:52 of 1st period - Stopped by Ryan Miller without a rebound.
3:53 of 1st period - Mike Fisher wins face-off versus Joe Thornton in Blues zone.
4:00 of 1st period - Shot by John-Michael Liles.
4:00 of 1st period - Stopped by Peter Budaj with a rebound.
4:12 of 1st period - Shot by Mike Fisher.
4:12 of 1st period - Deflect By Clarke MacArthur.
4:12 of 1st period - Shot Misses the Net.
4:16 of 1st period - Shot by Mike Fisher.
4:16 of 1st period - Deflect By Cal Clutterbuck.
4:16 of 1st period - Shot Misses the Net.
4:26 of 1st period - Matt Irwin is hit by Joe Thornton and loses puck.
5:22 of 1st period - Shot by Jay McClement.
5:22 of 1st period - Shot Misses the Net.
5:50 of 1st period - Shot by T.J. Brodie.
5:50 of 1st period - Stopped by Ryan Miller without a rebound.
5:51 of 1st period - Jori Lehtera wins face-off versus Mike Fisher in Blues zone.
7:37 of 1st period - Tanner Kero is hit by Michael Raffl and loses puck.
9:13 of 1st period - Shot by Clarke MacArthur.
9:13 of 1st period - Stopped by Peter Budaj without a rebound.
9:14 of 1st period - Rick Nash wins face-off versus Nikolaj Ehlers in Panthers zone.
9:54 of 1st period - Justin Braun is hit by Mike Fisher.
10:38 of 1st period - Shot by Matthew Tkachuk.
10:38 of 1st period - Deflect By David Perron.
10:38 of 1st period - Stopped by Ryan Miller without a rebound.
10:39 of 1st period - Nick Cousins wins face-off versus Joe Thornton in Blues zone.
10:39 of 1st period - Nick Cousins is hit by Blake Wheeler.
10:53 of 1st period - Shot by Kris Versteeg.
10:53 of 1st period - Stopped by Peter Budaj without a rebound.
10:54 of 1st period - Nick Cousins wins face-off versus Logan Couture in Panthers zone.
10:57 of 1st period - Shot by Michael Raffl.
10:57 of 1st period - Shot Misses the Net.
11:38 of 1st period - Icing by Matt Irwin.
11:39 of 1st period - Joe Thornton wins face-off versus Nick Cousins in Blues zone.
12:18 of 1st period - Shot by Brian Gionta.
12:18 of 1st period - Shot Blocked by Justin Braun.
12:59 of 1st period - Shot by Mike Fisher.
12:59 of 1st period - Stopped by Peter Budaj without a rebound.
13:00 of 1st period - Logan Couture wins face-off versus Mike Fisher in Panthers zone.
13:00 of 1st period - Logan Couture is hit by Cal Clutterbuck.
13:05 of 1st period - Nikolaj Ehlers is hit by Niklas Kronwall and loses puck.
13:28 of 1st period - Shot by Patrick Kane.
13:28 of 1st period - Shot Misses the Net.
13:42 of 1st period - Shot by Nikolaj Ehlers.
13:42 of 1st period - Stopped by Ryan Miller without a rebound.
13:43 of 1st period - Jori Lehtera wins face-off versus Jay McClement in Blues zone.
13:56 of 1st period - Shot by David Perron.
13:56 of 1st period - Stopped by Ryan Miller without a rebound.
13:57 of 1st period - Joe Thornton wins face-off versus Jay McClement in Blues zone.
14:05 of 1st period - Minor Penalty to Blake Wheeler for Interference.
14:06 of 1st period - Tanner Kero wins face-off versus Mike Fisher in Panthers zone.
15:21 of 1st period - Icing by John-Michael Liles.
15:22 of 1st period - Brian Gionta wins face-off versus Tanner Kero in Blues zone.
16:20 of 1st period - Shot by Patrik Laine.
16:20 of 1st period - Stopped by Ryan Miller without a rebound.
16:21 of 1st period - Mike Fisher wins face-off versus Logan Couture in Blues zone.
16:33 of 1st period - Shot by Mike Fisher.
16:33 of 1st period - Stopped by Peter Budaj with a rebound.
17:20 of 1st period - Shot by Patrik Laine.
17:20 of 1st period - Shot Hit the Post.
17:22 of 1st period - Shot by Justin Braun.
17:22 of 1st period - Deflect By Patrik Laine.
17:22 of 1st period - Stopped by Ryan Miller without a rebound.
17:23 of 1st period - Jori Lehtera wins face-off versus Jay McClement in Blues zone.
17:42 of 1st period - Shot by Brian Flynn.
17:42 of 1st period - Shot Misses the Net.
17:44 of 1st period - Shot by Jay McClement.
17:44 of 1st period - Shot Blocked by Brooks Orpik.
18:17 of 1st period - Shot by Nick Cousins.
18:17 of 1st period - Stopped by Peter Budaj without a rebound.
18:18 of 1st period - Mike Fisher wins face-off versus Tanner Kero in Panthers zone.
18:27 of 1st period - Jay Bouwmeester is hit by Jesper Fast and loses puck.
18:43 of 1st period - Minor Penalty to Mike Fisher for Holding.
18:43 of 1st period - Minor Penalty to T.J. Brodie for Hooking.
18:44 of 1st period - Logan Couture wins face-off versus Jiri Hudler in Panthers zone.
19:01 of 1st period - Shot by Patrick Kane.
19:01 of 1st period - Deflect By Logan Couture.
19:01 of 1st period - Shot Blocked by John-Michael Liles.
19:42 of 1st period - Shot by Cal Clutterbuck.
19:42 of 1st period - Shot Misses the Net.
19:44 of 1st period - Shot by Cal Clutterbuck.
19:44 of 1st period - Shot Misses the Net.
Goals for this period are 0 for Panthers vs 0 for Blues.
Shots for this period are 9 for Panthers vs 7 for Blues.

2nd period


0:01 of 2nd period - Logan Couture wins face-off versus Marian Hossa in neutral zone.
0:14 of 2nd period - Shot by Logan Couture.
0:14 of 2nd period - Shot Hit the Post.
0:18 of 2nd period - Shot by Patrick Kane.
0:18 of 2nd period - Deflect By Logan Couture.
0:18 of 2nd period - Shot Misses the Net.
0:20 of 2nd period - Shot by Patrick Kane.
0:20 of 2nd period - Stopped by Ryan Miller without a rebound.
0:21 of 2nd period - Jiri Hudler wins face-off versus Logan Couture in Blues zone.
0:38 of 2nd period - Shot by Marian Hossa.
0:38 of 2nd period - Goal by Marian Hossa - Panthers : 0 - Blues : 1.
0:39 of 2nd period - Kris Versteeg wins face-off versus Logan Couture in neutral zone.
1:15 of 2nd period - Brian Gionta is hit by Jacob Trouba.
1:43 of 2nd period - Shot by Jori Lehtera.
1:43 of 2nd period - Shot Blocked by Carl Gunnarsson.
1:51 of 2nd period - Shot by Matthew Tkachuk.
1:51 of 2nd period - Stopped by Ryan Miller without a rebound.
1:52 of 2nd period - Nikolaj Ehlers wins face-off versus Rick Nash in Blues zone.
1:57 of 2nd period - Shot by Logan Couture.
1:57 of 2nd period - Shot Misses the Net.
2:11 of 2nd period - Shot by Logan Couture.
2:11 of 2nd period - Stopped by Ryan Miller without a rebound.
2:12 of 2nd period - Jori Lehtera wins face-off versus Kris Versteeg in Blues zone.
2:16 of 2nd period - Matthew Tkachuk is hit by Matt Irwin and loses puck.
2:43 of 2nd period - Shot by Matthew Tkachuk.
2:43 of 2nd period - Shot Blocked by Matt Irwin.
2:45 of 2nd period - Shot by Jori Lehtera.
2:45 of 2nd period - Shot Misses the Net.
2:47 of 2nd period - Shot by Justin Braun.
2:47 of 2nd period - Shot Blocked by Nick Cousins.
2:49 of 2nd period - Shot by Matthew Tkachuk.
2:49 of 2nd period - Shot Misses the Net.
3:09 of 2nd period - Shot by Rick Nash.
3:09 of 2nd period - Deflect By Marian Hossa.
3:09 of 2nd period - Goal by Marian Hossa - Panthers : 0 - Blues : 2.
3:10 of 2nd period - Joe Thornton wins face-off versus Mike Fisher in neutral zone.
3:13 of 2nd period - Shot by Blake Wheeler.
3:13 of 2nd period - Shot Blocked by Jay Bouwmeester.
3:47 of 2nd period - Shot by Mike Fisher.
3:47 of 2nd period - Stopped by Peter Budaj without a rebound.
3:48 of 2nd period - Jay McClement wins face-off versus Logan Couture in Panthers zone.
3:48 of 2nd period - Chris Wideman is hit by Jacob Trouba and loses puck.
4:13 of 2nd period - Shot by Nikolaj Ehlers.
4:13 of 2nd period - Shot Blocked by Chris Wideman.
4:41 of 2nd period - Tanner Kero is hit by Jay McClement and loses puck.
5:03 of 2nd period - Jesper Fast is hit by Carl Gunnarsson and loses puck.
5:27 of 2nd period - Icing by Brooks Orpik.
5:28 of 2nd period - Mike Fisher wins face-off versus Joe Thornton in Panthers zone.
5:33 of 2nd period - Shot by Marian Hossa.
5:33 of 2nd period - Stopped by Peter Budaj without a rebound.
5:34 of 2nd period - Joe Thornton wins face-off versus Mike Fisher in Panthers zone.
5:43 of 2nd period - Shot by Jacob Trouba.
5:43 of 2nd period - Shot Misses the Net.
6:07 of 2nd period - Shot by Blake Wheeler.
6:07 of 2nd period - Stopped by Ryan Miller without a rebound.
6:08 of 2nd period - Nick Cousins wins face-off versus Logan Couture in Blues zone.
6:08 of 2nd period - Nick Cousins is hit by Patrick Kane.
6:22 of 2nd period - Shot by Nikolaj Ehlers.
6:22 of 2nd period - Shot Misses the Net.
6:36 of 2nd period - Shot by Patrick Kane.
6:36 of 2nd period - Shot Blocked by Matt Irwin.
6:38 of 2nd period - Shot by Logan Couture.
6:38 of 2nd period - Shot Misses the Net.
6:43 of 2nd period - Patrick Kane is hit by Matt Irwin and loses puck.
6:48 of 2nd period - Shot by Logan Couture.
6:48 of 2nd period - Shot Misses the Net.
6:55 of 2nd period - Minor Penalty to Matt Irwin for Hooking.
6:56 of 2nd period - Joe Thornton wins face-off versus Mike Fisher in Blues zone.
7:11 of 2nd period - Shot by Joe Thornton.
7:11 of 2nd period - Shot Misses the Net.
7:13 of 2nd period - Shot by T.J. Brodie.
7:13 of 2nd period - Stopped by Ryan Miller without a rebound.
7:14 of 2nd period - Mike Fisher wins face-off versus Logan Couture in Blues zone.
7:20 of 2nd period - Icing by Jacob Trouba.
7:21 of 2nd period - Logan Couture wins face-off versus Mike Fisher in Panthers zone.
7:36 of 2nd period - Shot by Patrick Kane.
7:36 of 2nd period - Stopped by Ryan Miller with a rebound.
7:38 of 2nd period - Shot by Jacob Trouba.
7:38 of 2nd period - Stopped by Ryan Miller without a rebound.
7:39 of 2nd period - Joe Thornton wins face-off versus Mike Fisher in Blues zone.
8:05 of 2nd period - Icing by Joe Thornton.
8:06 of 2nd period - Joe Thornton wins face-off versus Mike Fisher in Panthers zone.
9:40 of 2nd period - Minor Penalty to David Perron for Hooking.
9:41 of 2nd period - Jay McClement wins face-off versus Tanner Kero in Panthers zone.
10:01 of 2nd period - Shot by Brian Flynn.
10:01 of 2nd period - Shot Blocked by Danny DeKeyser.
10:38 of 2nd period - Shot by Rick Nash.
10:38 of 2nd period - Goal by Rick Nash - Panthers : 0 - Blues : 3.
10:39 of 2nd period - Joe Thornton wins face-off versus Nick Cousins in neutral zone.
11:36 of 2nd period - Shot by Patrick Kane.
11:36 of 2nd period - Shot Blocked by Jay Bouwmeester.
11:50 of 2nd period - Shot by Cal Clutterbuck.
11:50 of 2nd period - Stopped by Peter Budaj without a rebound.
11:51 of 2nd period - Jay McClement wins face-off versus Jori Lehtera in Panthers zone.
11:51 of 2nd period - Brian Gionta is hit by Jacob Trouba and loses puck.
12:06 of 2nd period - Shot by Jori Lehtera.
12:06 of 2nd period - Stopped by Ryan Miller without a rebound.
12:07 of 2nd period - Tanner Kero wins face-off versus Mike Fisher in Blues zone.
12:28 of 2nd period - Shot by Marian Hossa.
12:28 of 2nd period - Stopped by Peter Budaj with a rebound.
12:36 of 2nd period - Shot by Rick Nash.
12:36 of 2nd period - Shot Misses the Net.
12:38 of 2nd period - Shot by Rick Nash.
12:38 of 2nd period - Deflect By Marian Hossa.
12:38 of 2nd period - Shot Misses the Net.
13:06 of 2nd period - Shot by Jay McClement.
13:06 of 2nd period - Shot Misses the Net.
13:12 of 2nd period - Shot by Brian Flynn.
13:12 of 2nd period - Deflect By Brian Gionta.
13:12 of 2nd period - Stopped by Peter Budaj without a rebound.
13:13 of 2nd period - Nick Cousins wins face-off versus Joe Thornton in Panthers zone.
13:17 of 2nd period - Icing by Joe Thornton.
13:18 of 2nd period - Nick Cousins wins face-off versus Joe Thornton in Panthers zone.
13:22 of 2nd period - Icing by Brian Campbell.
13:23 of 2nd period - Nick Cousins wins face-off versus Joe Thornton in Panthers zone.
13:24 of 2nd period - Shot by Kris Versteeg.
13:24 of 2nd period - Shot Misses the Net.
13:30 of 2nd period - Shot by Joe Thornton.
13:30 of 2nd period - Shot Misses the Net.
13:32 of 2nd period - Shot by Patrik Laine.
13:32 of 2nd period - Goal by Patrik Laine - Panthers : 1 - Blues : 3.
13:33 of 2nd period - Logan Couture wins face-off versus Mike Fisher in neutral zone.
13:42 of 2nd period - Patrick Kane is hit by Mike Fisher and loses puck.
13:55 of 2nd period - Shot by Marian Hossa.
13:55 of 2nd period - Deflect By Rick Nash.
13:55 of 2nd period - Shot Blocked by Justin Braun.
13:57 of 2nd period - Shot by Marian Hossa.
13:57 of 2nd period - Deflect By Mike Fisher.
13:57 of 2nd period - Stopped by Peter Budaj with a rebound.
13:59 of 2nd period - Shot by Mike Fisher.
13:59 of 2nd period - Stopped by Peter Budaj with a rebound.
14:18 of 2nd period - Logan Couture is hit by Jay Bouwmeester and loses puck.
15:03 of 2nd period - Shot by Kris Versteeg.
15:03 of 2nd period - Shot Misses the Net.
15:20 of 2nd period - Kris Versteeg is hit by T.J. Brodie and loses puck.
15:45 of 2nd period - Brian Campbell is hit by Michael Raffl and loses puck.
16:22 of 2nd period - Minor Penalty to Brooks Orpik for Slashing.
16:23 of 2nd period - Mike Fisher wins face-off versus Tanner Kero in Panthers zone.
16:24 of 2nd period - Shot by Marian Hossa.
16:24 of 2nd period - Shot Blocked by Justin Braun.
16:26 of 2nd period - Shot by Niklas Kronwall.
16:26 of 2nd period - Stopped by Peter Budaj without a rebound.
16:27 of 2nd period - Tanner Kero wins face-off versus Brian Gionta in Panthers zone.
16:42 of 2nd period - Shot by Jay McClement.
16:42 of 2nd period - Deflect By Brian Flynn.
16:42 of 2nd period - Stopped by Peter Budaj with a rebound.
17:29 of 2nd period - Shot by Marian Hossa.
17:29 of 2nd period - Stopped by Peter Budaj without a rebound.
17:30 of 2nd period - Logan Couture wins face-off versus Mike Fisher in Panthers zone.
18:24 of 2nd period - Icing by Jacob Trouba.
18:25 of 2nd period - Nick Cousins wins face-off versus Joe Thornton in Panthers zone.
18:26 of 2nd period - Shot by Kris Versteeg.
18:26 of 2nd period - Stopped by Peter Budaj without a rebound.
18:27 of 2nd period - Logan Couture wins face-off versus Jay McClement in Panthers zone.
18:40 of 2nd period - Shot by Patrick Kane.
18:40 of 2nd period - Stopped by Ryan Miller without a rebound.
18:41 of 2nd period - Joe Thornton wins face-off versus Nick Cousins in Blues zone.
18:42 of 2nd period - Shot by Blake Wheeler.
18:42 of 2nd period - Goal by Blake Wheeler - Panthers : 2 - Blues : 3.
18:43 of 2nd period - Jay McClement wins face-off versus Logan Couture in neutral zone.
18:52 of 2nd period - Shot by Jay McClement.
18:52 of 2nd period - Stopped by Peter Budaj without a rebound.
18:53 of 2nd period - Joe Thornton wins face-off versus Nick Cousins in Panthers zone.
19:12 of 2nd period - Shot by Blake Wheeler.
19:12 of 2nd period - Shot Blocked by Carl Gunnarsson.
Goals for this period are 2 for Panthers vs 3 for Blues.
Shots for this period are 11 for Panthers vs 15 for Blues.

3rd period


0:01 of 3rd period - Logan Couture wins face-off versus Mike Fisher in neutral zone.
0:10 of 3rd period - Logan Couture is hit by Mike Fisher.
0:40 of 3rd period - Shot by Nikolaj Ehlers.
0:40 of 3rd period - Stopped by Ryan Miller without a rebound.
0:41 of 3rd period - Brian Gionta wins face-off versus Joe Thornton in Blues zone.
0:53 of 3rd period - Icing by Jacob Trouba.
0:54 of 3rd period - Joe Thornton wins face-off versus Nick Cousins in Panthers zone.
1:23 of 3rd period - Minor Penalty to Nick Cousins for Slashing.
1:24 of 3rd period - Mike Fisher wins face-off versus Logan Couture in Blues zone.
1:34 of 3rd period - Icing by Justin Braun.
1:35 of 3rd period - Logan Couture wins face-off versus Mike Fisher in Panthers zone.
1:52 of 3rd period - Off-side.
1:53 of 3rd period - Mike Fisher wins face-off versus Joe Thornton in neutral zone.
2:31 of 3rd period - Off-side.
2:32 of 3rd period - Logan Couture wins face-off versus Mike Fisher in neutral zone.
2:47 of 3rd period - Shot by Logan Couture.
2:47 of 3rd period - Shot Misses the Net.
3:13 of 3rd period - Rick Nash is hit by Patrik Laine.
3:29 of 3rd period - Shot by Kris Versteeg.
3:29 of 3rd period - Stopped by Peter Budaj without a rebound.
3:30 of 3rd period - Jori Lehtera wins face-off versus Nick Cousins in Panthers zone.
4:02 of 3rd period - Shot by David Perron.
4:02 of 3rd period - Goal by David Perron - Panthers : 3 - Blues : 3.
4:03 of 3rd period - Tanner Kero wins face-off versus Jay McClement in neutral zone.
4:51 of 3rd period - Jay McClement is hit by Nikolaj Ehlers and loses puck.
5:27 of 3rd period - Icing by John-Michael Liles.
5:28 of 3rd period - Mike Fisher wins face-off versus Joe Thornton in Blues zone.
5:55 of 3rd period - Icing by Marian Hossa.
5:56 of 3rd period - Mike Fisher wins face-off versus Jori Lehtera in Blues zone.
6:12 of 3rd period - Icing by Justin Braun.
6:13 of 3rd period - Jori Lehtera wins face-off versus Michael Raffl in Panthers zone.
6:40 of 3rd period - Kris Versteeg is hit by Justin Braun and loses puck.
6:43 of 3rd period - Shot by Michael Raffl.
6:43 of 3rd period - Shot Misses the Net.
7:28 of 3rd period - Shot by Nikolaj Ehlers.
7:28 of 3rd period - Deflect By Logan Couture.
7:28 of 3rd period - Shot Misses the Net.
9:17 of 3rd period - Icing by Jay Bouwmeester.
9:18 of 3rd period - Nick Cousins wins face-off versus Logan Couture in Blues zone.
9:28 of 3rd period - Icing by Patrick Kane.
9:29 of 3rd period - Logan Couture wins face-off versus Mike Fisher in Panthers zone.
9:29 of 3rd period - Logan Couture is hit by Cal Clutterbuck.
9:37 of 3rd period - Mike Fisher is hit by Nikolaj Ehlers and loses puck.
9:55 of 3rd period - Shot by Cal Clutterbuck.
9:55 of 3rd period - Stopped by Peter Budaj with a rebound.
10:18 of 3rd period - Shot by Brian Gionta.
10:18 of 3rd period - Stopped by Peter Budaj without a rebound.
10:19 of 3rd period - Mike Fisher wins face-off versus Jori Lehtera in Panthers zone.
10:49 of 3rd period - Icing by Chris Wideman.
10:50 of 3rd period - Joe Thornton wins face-off versus Mike Fisher in Blues zone.
11:13 of 3rd period - Brian Campbell is hit by Marian Hossa and loses puck.
11:53 of 3rd period - Shot by Brian Gionta.
11:53 of 3rd period - Shot Blocked by Jacob Trouba.
11:59 of 3rd period - Shot by Brian Gionta.
11:59 of 3rd period - Stopped by Peter Budaj without a rebound.
12:00 of 3rd period - Logan Couture wins face-off versus Nick Cousins in Panthers zone.
13:01 of 3rd period - Shot by Brian Gionta.
13:01 of 3rd period - Shot Misses the Net.
13:24 of 3rd period - Icing by John-Michael Liles.
13:25 of 3rd period - Jiri Hudler wins face-off versus Joe Thornton in Blues zone.
13:32 of 3rd period - Shot by Patrik Laine.
13:32 of 3rd period - Stopped by Ryan Miller without a rebound.
13:33 of 3rd period - Joe Thornton wins face-off versus Mike Fisher in Blues zone.
13:35 of 3rd period - Patrik Laine is hit by Carl Gunnarsson and loses puck.
13:40 of 3rd period - Shot by Patrik Laine.
13:40 of 3rd period - Deflect By Blake Wheeler.
13:40 of 3rd period - Shot Blocked by Chris Wideman.
13:42 of 3rd period - Shot by Blake Wheeler.
13:42 of 3rd period - Stopped by Ryan Miller without a rebound.
13:43 of 3rd period - Jori Lehtera wins face-off versus Nick Cousins in Blues zone.
14:55 of 3rd period - Shot by Patrik Laine.
14:55 of 3rd period - Shot Hit the Post.
14:59 of 3rd period - Shot by Blake Wheeler.
14:59 of 3rd period - Stopped by Ryan Miller without a rebound.
15:00 of 3rd period - Tanner Kero wins face-off versus Jay McClement in Blues zone.
15:16 of 3rd period - Brian Flynn is hit by Mikkel Boedker and loses puck.
15:24 of 3rd period - Shot by Brian Flynn.
15:24 of 3rd period - Shot Blocked by Danny DeKeyser.
16:03 of 3rd period - Off-side.
16:04 of 3rd period - Nick Cousins wins face-off versus Logan Couture in neutral zone.
16:17 of 3rd period - Shot by Nikolaj Ehlers.
16:17 of 3rd period - Stopped by Ryan Miller without a rebound.
16:18 of 3rd period - Mike Fisher wins face-off versus Blake Wheeler in Blues zone.
16:42 of 3rd period - Icing by Brooks Orpik.
16:43 of 3rd period - Nick Cousins wins face-off versus Joe Thornton in Panthers zone.
16:50 of 3rd period - Shot by Michael Raffl.
16:50 of 3rd period - Stopped by Peter Budaj without a rebound.
16:51 of 3rd period - Logan Couture wins face-off versus Mike Fisher in Panthers zone.
17:15 of 3rd period - Shot by Nikolaj Ehlers.
17:15 of 3rd period - Shot Misses the Net.
17:17 of 3rd period - Shot by Patrick Kane.
17:17 of 3rd period - Shot Misses the Net.
17:26 of 3rd period - Patrick Kane is hit by Jay Bouwmeester and loses puck.
17:31 of 3rd period - Shot by Patrick Kane.
17:31 of 3rd period - Deflect By Nikolaj Ehlers.
17:31 of 3rd period - Shot Misses the Net.
17:51 of 3rd period - Shot by Blake Wheeler.
17:51 of 3rd period - Stopped by Ryan Miller without a rebound.
17:52 of 3rd period - Jay McClement wins face-off versus Jori Lehtera in Blues zone.
17:57 of 3rd period - Shot by Matthew Tkachuk.
17:57 of 3rd period - Shot Misses the Net.
17:59 of 3rd period - Shot by Jori Lehtera.
17:59 of 3rd period - Shot Misses the Net.
18:47 of 3rd period - Icing by Carl Gunnarsson.
18:48 of 3rd period - Nick Cousins wins face-off versus Patrik Laine in Blues zone.
19:47 of 3rd period - Shot by Patrick Kane.
19:47 of 3rd period - Stopped by Ryan Miller with a rebound.
19:49 of 3rd period - Shot by Logan Couture.
19:49 of 3rd period - Stopped by Ryan Miller without a rebound.
19:50 of 3rd period - Jay McClement wins face-off versus Tanner Kero in Blues zone.
Goals for this period are 1 for Panthers vs 0 for Blues.
Shots for this period are 9 for Panthers vs 5 for Blues.

Overtime #1


0:01 of 1st overtime period - Joe Thornton wins face-off versus Mike Fisher in neutral zone.
0:13 of 1st overtime period - Icing by Jay Bouwmeester.
0:14 of 1st overtime period - Mike Fisher wins face-off versus Blake Wheeler in Blues zone.
1:11 of 1st overtime period - Shot by Brian Gionta.
1:11 of 1st overtime period - Shot Misses the Net.
1:20 of 1st overtime period - Off-side.
1:21 of 1st overtime period - Joe Thornton wins face-off versus Kris Versteeg in neutral zone.
1:44 of 1st overtime period - Shot by Kris Versteeg.
1:44 of 1st overtime period - Shot Misses the Net.
1:54 of 1st overtime period - Shot by Logan Couture.
1:54 of 1st overtime period - Shot Misses the Net.
2:02 of 1st overtime period - Shot by Joe Thornton.
2:02 of 1st overtime period - Stopped by Ryan Miller without a rebound.
2:03 of 1st overtime period - Mike Fisher wins face-off versus David Perron in Blues zone.
2:20 of 1st overtime period - Shot by Patrik Laine.
2:20 of 1st overtime period - Shot Misses the Net.
2:22 of 1st overtime period - Shot by Justin Braun.
2:22 of 1st overtime period - Goal by Justin Braun - Panthers : 4 - Blues : 3.
Goals for this period are 1 for Panthers vs 0 for Blues.
Shots for this period are 2 for Panthers vs 0 for Blues.